 Dungeon Crawl Stone Soup version 0.29.0-13-gc9e81de378 (webtiles) character file.

Game seed: 83986657556547641

120483 Ge0ff the Destroyer (level 17, -2/109 HPs)
             Began as a Formicid Conjurer on Sept 7, 2022.
             Was the Champion of Vehumet.
             Killed from afar by a will-o-the-wisp (16 damage)
             ... with a foxfire
             ... on level 3 of the Swamp.
             The game lasted 01:17:09 (32685 turns).

Ge0ff the Destroyer (Formicid Conjurer)            Turns: 32685, Time: 01:17:10

Health: -2/109     AC: 11    Str: 14    XL:     17   Next: 37%
Magic:  24/41      EV: 15    Int: 31    God:    Vehumet [******]
Gold:   1502       SH:  5    Dex: 12    Spells: 3/39 levels left

rFire   . . .      SeeInvis +   a - staff of poison
rCold   . . .      Faith    +   H - +0 buckler
rNeg    . . .      Spirit   .   Q - +4 troll leather armour
rPois   +          Reflect  .   (helmet unavailable)
rElec   +          Harm     .   F - +0 cloak
rCorr   .          Rampage  .   (no gloves)
Will    +....                   I - +0 pair of boots
Stlth   ++........              t - amulet of faith
HPRegen 1.08/turn               w - ring of magical power
MPRegen 0.27/turn               p - ring of Uvuippig {rElec EV+4 Str+2 Int+5, =R}

@: very slightly contaminated
A: permanent stasis, dig shafts and tunnels, antennae 3, four strong arms
a: Dig, Shaft Self, Renounce Religion


You were on level 3 of the Swamp.
You worshipped Vehumet.
Vehumet was exalted by your worship.
You visited 5 branches of the dungeon, and saw 26 of its levels.
You also visited: Gauntlet, Ice Cave and Volcano.

You collected 2333 gold pieces.
You spent 831 gold pieces at shops.

Inventory:

Hand Weapons
 h - a +2 demon trident of draining
Missiles
 g - 2 throwing nets {=F}
 v - 3 curare-tipped darts {=F}
Armour
 B - a +0 robe of fire resistance
 F - a +0 cloak (worn)
 H - a +0 buckler (worn)
 I - a +0 pair of boots (worn)
 Q - a +4 troll leather armour (worn)
 T - a +2 tower shield of fire resistance
 Z - the +1 robe of Vines {NoPotionHeal Regen++++}
   (You found it on level 14 of the Dungeon)

   Its wearer cannot be healed by potions.
   Regen:     It increases your rate of health regeneration.
Magical Staves
 a - a staff of poison (weapon)
 i - a staff of death
 A - a staff of earth
Jewellery
 b - a ring of poison resistance
 d - a ring of flight
 p - the ring of Uvuippig (right hand) {rElec EV+4 Str+2 Int+5, =R}
   (You found it in a Gauntlet)

   [ring of evasion]

   EV:        It affects your evasion (+4).
   Str:       It affects your strength (+2).
   Int:       It affects your intelligence (+5).
   rElec:     It insulates you from electricity.
 t - an amulet of faith (around neck)
 w - a ring of magical power (left hand)
 x - a ring of protection from fire
 z - a ring of willpower
 O - a ring of ice
 Y - an amulet of magic regeneration
Wands
 e - a wand of charming (4)
 f - a wand of flame (12)
 j - a wand of acid (14)
 k - a wand of iceblast (25)
 s - a wand of mindburst (19)
 P - a wand of polymorph (6)
Scrolls
 m - 3 scrolls of magic mapping
 y - 4 scrolls of immolation
 C - 3 scrolls of poison
 D - 4 scrolls of butterflies
 E - 2 scrolls of fear
 J - 2 scrolls of silence {!r}
 S - 3 scrolls of summoning
 V - 5 scrolls of vulnerability
Potions
 o - a potion of ambrosia
 q - 16 potions of curing
 u - 9 potions of mutation {!q}
 K - 5 potions of magic {!q}
 L - 5 potions of lignification
 M - 5 potions of might
 N - 8 potions of cancellation {!q}
 R - 2 potions of resistance
 W - 4 potions of heal wounds {!q}
 X - 9 potions of flight
Miscellaneous
 c - a condenser vane
 l - a lightning rod (4/4)
 n - a phial of floods
 U - a phantom mirror


   Skills:
 - Level 3.0 Fighting
 - Level 6.0 Throwing
 - Level 5.0 Armour
 - Level 2.0 Dodging
 - Level 2.4 Stealth
 - Level 4.0 Shields
 + Level 11.9 Spellcasting
 * Level 13.3 Conjurations
 - Level 12.0 Hexes
 - Level 7.0 Translocations
 + Level 9.2 Transmutations
 * Level 11.4 Fire Magic
 - Level 5.0 Air Magic
 - Level 12.0 Poison Magic
 - Level 7.0 Evocations


You had 3 spell levels left.
You knew the following spells:

 Your Spells              Type           Power      Damage    Failure   Level
e - Irradiate             Conj/Tmut      36%        3d23      1%          5
g - Apportation           Tloc           100%       N/A       1%          1
i - Ignite Poison         Fire/Tmut/Pois 91%        N/A       1%          3
j - Orb of Destruction    Conj           39%        9d11      4%          7
k - Magic Dart            Conj           100%       1d8       0%          1
m - Iskenderun's Mystic   Conj/Tloc      69%        2d14      1%          4
r - Olgreb's Toxic Radia  Pois           96%        N/A       1%          4
s - Fulminant Prism       Conj/Hex       38%        3d18      1%          4
C - Poisonous Vapours     Pois/Air       100%       N/A       1%          2
E - Fireball              Conj/Fire      38%        3d16      1%          5

Your spell library contained the following spells:

 Spells                   Type           Power      Damage    Failure   Level
 Conjure Ball Lightning   Conj/Air       33%        3x3d11    4%          6
 Beastly Appendage        Tmut           100%       N/A       1%          1
 Shock                    Conj/Air       100%       1d9       1%          1
 Sting                    Tmut/Pois      100%       1d8       1%          1
 Searing Ray              Conj           100%       2d8       1%          2
 Wereblood                Tmut           66%        N/A       1%          2
 Dazzling Flash           Conj/Hex       100%       N/A       1%          3
 Inner Flame              Hex/Fire       74%        N/A       1%          3
 Mephitic Cloud           Conj/Pois/Air  89%        N/A       1%          3
 Spider Form              Tmut/Pois      90%        N/A       1%          3
 Summon Guardian Golem    Hex/Summ       53%        N/A       1%          3
 Frozen Ramparts          Ice            36%        1d6       3%          3
 Necrotise                Necr           72%        1d7       4%          1
 Summon Small Mammal      Summ           72%        N/A       4%          1
 Call Imp                 Summ           18%        N/A       6%          2
 Airstrike                Air            24%        2d(4-20)  1%          4
 Cause Fear               Hex            37%        N/A       1%          4
 Alistair's Intoxication  Tmut/Pois      60%        N/A       1%          5
 Freezing Cloud           Conj/Ice/Air   27%        6-21      2%          5
 Ice Form                 Ice/Tmut       47%        N/A       6%          4
 Summon Mana Viper        Hex/Summ       53%        N/A       10%         5
 Dispersal                Tloc           29%        N/A       34%         6
 Summon Ice Beast         Ice/Summ       18%        N/A       38%         4
 Spellforged Servitor     Conj/Summ      28%        N/A       47%         7
 Discord                  Hex            37%        N/A       89%         8
 Monstrous Menagerie      Summ           9%         N/A       100%        7
 Disjunction              Tloc           29%        N/A       100%        8
 Swiftness                Air            Unusable   N/A       N/A         3

Dungeon Overview and Level Annotations

Branches:
Dungeon (15/15) Zot: 25509  Temple (1/1) D:4 Zot: 5954    Lair (5/5) D:9 Zot: 23512
  Swamp (3/4) Lair:2 Zot: 15789   Snake (0/4) Lair:3        Slime (0/5) Lair:5
    Orc (2/2) D:10 Zot: 10237     Elf (0/3) Orc:2        Vaults (0/5) D:13
 Depths (0/4) D:15          IceCv (visited)         Volcano (visited)
Gauntlet (visited)

Altars:
Ashenzari
Cheibriados
Dithmenos
Elyvilon
Fedhas
Gozag
Hepliaklqana
Kikubaaqudgha
Makhleb
Nemelex Xobeh
Okawaru
Qazlal
Ru
Sif Muna
Trog
Uskayaw
Vehumet
Wu Jian
Xom
Yredelemnul
Zin
The Shining One
Jiyva

Shops:
D:6 *   D:14 :   Orc:2 ?=((


Innate Abilities, Weirdness & Mutations

You cannot be hasted, slowed, berserked, paralysed or teleported.
You can dig through walls and to a lower floor.
You have a pair of large antennae on your head. (SInv)
Your four strong arms can wield two-handed weapons with a shield.


Message History

The spriggan rider seems to burn from within!!!!
You kill the spriggan rider!
Vehumet accepts your kill.
You kill the hornet!
Vehumet accepts your kill.
You feel your power returning.
The spriggan seems to burn from within!!!!
You kill the spriggan!
Vehumet accepts your kill.
You feel your power returning.
The spriggan seems to burn from within!!
You kill the spriggan!
Vehumet accepts your kill.
You feel your power returning.
The spriggan druid seems to burn from within!!!
With its final breath, the spriggan druid offers up its power to the beasts of the wild!
The goliath frog seems to grow more fierce.
You kill the spriggan druid!
Vehumet accepts your kill.
You feel your power returning.
The goliath frog is poisoned.
The goliath frog looks even sicker.
Your toxic aura wanes.
The goliath frog hits you from afar!!
You are splashed with acid!
The will-o-the-wisp engulfs you!
There is a stone staircase leading up, spattered with blood here.
Casting: Ignite Poison (safe; 1% risk of failure)
Confirm with . or Enter, or press ? or * to list all spells.
You erupt in a fountain of uncontrolled magic!
The will-o-the-wisp is blasted with magical radiation!
The will-o-the-wisp is moderately damaged.
You are very lightly contaminated with residual magic.
The goliath frog closely misses you. The goliath frog hits you from afar!!
* * * LOW HITPOINT WARNING * * *
You are splashed with acid!
* * * LOW HITPOINT WARNING * * *
The will-o-the-wisp engulfs you.
* * * LOW HITPOINT WARNING * * *
Really quaff
W - 6 potions of heal wounds {!q}?
You feel much better. The goliath frog hits you from afar!
* * * LOW HITPOINT WARNING * * *
You are splashed with acid!
* * * LOW HITPOINT WARNING * * *
The will-o-the-wisp gestures.
The will-o-the-wisp conjures some foxfire! 2 foxfires come into view.
Really quaff
W - 5 potions of heal wounds {!q}?
You feel much better. The foxfire hits you!
* * * LOW HITPOINT WARNING * * *
The foxfire hits you!
You die...

♣~ ♣...~♣ { ♣~
♣♣...~♣
♣~♣♣♣.~.♣♣♣ ♣
♣~~..~~♣ ~.
♣.~.♣♣~♣ ♣♣ ~~~
♣.♣♣.~.♣♣.♣..~~
♣♣♣♣~~.♣~~~)~~~
♣♣.)♣~F§~~~.
♣♣.@v§.♣
♣.~v♣♣♣ ♣..♣♣
♣♣♣♣


You could see a goliath frog (strong, very poisoned) and a will-o-the-wisp.

Vanquished Creatures
  Jorgrun (Swamp:2)
  Kirke (Lair:3)
  The ghost of Subbak the Reanimator, a journeyman DsMo of Wu Jian (Swamp:1)
  Louise (Swamp:2)
  An orc warlord (Orc:1)
  A stone giant (D:15)
  An eleionoma (Swamp:2)
  A minotaur (Gauntlet)
  A dire elephant (Lair:5)
  An entropy weaver (Gauntlet)
  2 shambling mangroves
  2 ogre magi (D:13)
  4 boulder beetles
  7 centaur warriors
  8 hydras
  A catoblepas (Lair:5)
  7 alligators
  9 death yaks
  7 two-headed ogres
  A deep troll shaman (Lair:5)
  3 ghost crabs
  Erica (Lair:1)
  4 tengu warriors
  3 orc high priests (Orc:2)
  Urug (Lair:4)
  5 spriggans
  A hell knight (Volcano)
  A salamander mystic (Volcano)
  3 goliath frogs (Swamp:2)
  2 wizards
  5 bog bodies
  A spriggan druid (Swamp:3)
  4 swamp dragons
  8 orc knights
  A lindwurm (Lair:3)
  4 orc sorcerers (Orc:2)
  A wolf spider (Gauntlet)
  10 ugly things
  4 manticores
  6 salamanders (Volcano)
  4 cyclopes
  18 elephants
  A torpor snail (Lair:3)
  4 black mambas
  2 ice statues (IceCv)
  7 gargoyles
  2 rime drakes (Lair:3)
  10 cane toads
  5 komodo dragons
  3 demonic crawlers (D:15)
  An efreet (D:15)
  A freezing wraith (IceCv)
  3 tengu conjurers
  6 trolls
  A bloated husk (Swamp:1)
  10 hornets
  A polar bear (Lair:5)
  6 tyrant leeches
  10 dream sheep
  19 blink frogs
  37 yaks
  A culicivora (shapeshifter) (D:14)
  A vampire (D:13)
  4 wyverns
  2 wraiths
  2 shadows (Gauntlet)
  4 hogs (Lair:3)
  3 steam dragons
  3 basilisks
  A redback (Gauntlet)
  A death yak simulacrum (IceCv)
  13 vampire mosquitoes
  5 wargs
  11 swamp worms
  2 nagas (Lair:3)
  17 water moccasins
  An ice beast (D:5)
  30 orc warriors
  A swamp drake (Swamp:2)
  2 black bears
  A black bear (shapeshifter) (D:13)
  12 wolves
  11 ogres
  A phantom (D:6)
  10 centaurs
  4 kobold brigands
  2 gnoll sergeants
  9 bullfrogs
  3 scorpions
  7 wights
  13 killer bees
  6 electric eels
  2 howler monkeys
  4 jellies
  3 gnoll boudas
  7 hounds
  19 orc priests
  2 iguanas (D:6)
  33 orc wizards
  21 hell rats
  A polar bear simulacrum (IceCv)
  A wolf simulacrum (IceCv)
  21 gnolls
  10 adders
  A white imp (D:5)
  2 ufetubi
  6 dart slugs
  96 orcs
  6 ball pythons
  6 bats
  9 endoplasms
  A giant cockroach (D:1)
  4 goblins
  7 hobgoblins
  18 kobolds
  2 quokkas
  2 frilled lizards
  6 rats
  A fulminant prism (Lair:5)
751 creatures vanquished.

Vanquished Creatures (others)
  A human (Lair:3)
  A bush (Lair:5)
  3 demonic plants (D:1)
  A foxfire (Swamp:3)
  38 fulminant prisms
  31 fungi
  76 plants
  15 withered plants
166 creatures vanquished.

Grand Total: 917 creatures vanquished

Notes
Turn   | Place    | Note
-------+----------+-------------------------------------------
     0 | D:1      | Ge0ff the Formicid Conjurer began the quest for the Orb.
     0 | D:1      | Reached XP level 1. HP: 13/13 MP: 3/3
   302 | D:1      | Reached skill level 4 in Conjurations
   302 | D:1      | Reached XP level 2. HP: 19/19 MP: 1/5
   351 | D:1      | Learned a level 2 spell: Searing Ray
   819 | D:1      | Found a faded altar of an unknown god.
   917 | D:1      | Reached XP level 3. HP: 24/24 MP: 1/6
  1274 | D:2      | Reached XP level 4. HP: 27/30 MP: 2/7
  1275 | D:2      | Reached skill level 5 in Conjurations
  2526 | D:3      | Reached XP level 5. HP: 35/35 MP: 4/8
  3198 | D:3      | Reached skill level 6 in Conjurations
  3272 | D:3      | Learned a level 4 spell: Iskenderun's Mystic Blast
  3382 | D:3      | Reached XP level 6. HP: 16/41 MP: 9/9
  3692 | D:4      | Noticed an ogre
  3698 | D:4      | Reached skill level 1 in Translocations
  3699 | D:4      | Killed an ogre
  4431 | D:4      | Found a staircase to the Ecumenical Temple.
  4436 | Temple   | Entered the Ecumenical Temple
  4436 | Temple   | Found a transporter.
  4436 | Temple   | Found a transporter.
  4438 | Temple   | Found a transporter.
  4438 | Temple   | Found a transporter.
  4458 | Temple   | Became a worshipper of Vehumet
  4643 | D:5      | Entered Level 5 of the Dungeon
  4651 | D:5      | Noticed an ice beast
  4662 | D:5      | Killed an ice beast
  4663 | D:5      | Reached XP level 7. HP: 46/46 MP: 8/12
  5515 | D:5      | Reached skill level 7 in Conjurations
  5515 | D:5      | Reached XP level 8. HP: 52/52 MP: 14/14
  5595 | D:5      | Reached * piety under Vehumet
  5595 | D:5      | Offered knowledge of Foxfire by Vehumet.
  5744 | D:5      | Found a sacrificial altar of Ru.
  5744 | D:5      | Found an ornate altar of the Wu Jian Council.
  5899 | D:6      | Found Oliakykh's Overcharged Wands.
  6352 | D:6      | Reached skill level 8 in Conjurations
  6412 | D:6      | Reached skill level 5 in Translocations
  6668 | D:7      | Reached XP level 9. HP: 57/57 MP: 15/15
  6668 | D:7      | Reached ** piety under Vehumet
  6716 | D:7      | Learned a level 4 spell: Fulminant Prism
  6749 | D:7      | Noticed a brown ugly thing
  6782 | D:7      | Found a hazy altar of Hepliaklqana.
  6966 | D:7      | Offered knowledge of Scorch by Vehumet.
  6970 | D:7      | Reached skill level 1 in Hexes
  7316 | D:8      | Reached skill level 1 in Evocations
  7350 | D:8      | Noticed a hornet
  7356 | D:8      | Killed a hornet
  7504 | D:8      | Reached skill level 5 in Spellcasting
  7504 | D:8      | Reached skill level 5 in Hexes
  7762 | D:8      | Reached skill level 9 in Conjurations
  8023 | D:8      | Reached XP level 10. HP: 63/63 MP: 17/17
  8305 | D:8      | Offered knowledge of Ignite Poison by Vehumet.
  8318 | D:8      | Learned a level 3 spell: Ignite Poison
  8321 | D:8      | Learned a level 2 spell: Poisonous Vapours
  8679 | D:7      | Killed a brown ugly thing
  8680 | D:7      | Reached skill level 1 in Transmutations
  8680 | D:7      | Reached skill level 1 in Fire Magic
  8680 | D:7      | Reached skill level 1 in Air Magic
  8680 | D:7      | Reached skill level 1 in Poison Magic
  8806 | D:9      | Noticed a tengu warrior
  8816 | D:9      | Killed a tengu warrior
  9056 | D:9      | Found a staircase to the Lair.
  9291 | D:9      | Reached *** piety under Vehumet
  9534 | D:9      | Reached skill level 5 in Evocations
  9807 | D:9      | Reached XP level 11. HP: 50/68 MP: 18/18
 10753 | D:9      | Found a broken altar of Ashenzari.
 10919 | D:9      | Offered knowledge of Airstrike by Vehumet.
 11098 | D:9      | Learned a level 4 spell: Olgreb's Toxic Radiance
 11539 | D:9      | Reached skill level 5 in Poison Magic
 11687 | D:10     | Entered Level 10 of the Dungeon
 11721 | D:10     | Reached **** piety under Vehumet
 11868 | D:10     | Offered knowledge of Inner Flame by Vehumet.
 12033 | D:10     | Found a staircase to the Orcish Mines.
 12942 | D:10     | Found a blossoming altar of Fedhas.
 13163 | D:11     | Reached skill level 1 in Shields
 13465 | D:11     | Reached skill level 1 in Fighting
 13465 | D:11     | Reached skill level 1 in Armour
 13779 | D:11     | Reached skill level 1 in Throwing
 14097 | D:11     | Noticed a two-headed ogre
 14102 | D:11     | Killed a two-headed ogre
 14103 | D:11     | Reached skill level 5 in Transmutations
 14552 | D:12     | Noticed a seven-headed hydra
 14552 | D:12     | Noticed a cyan ugly thing
 14556 | D:12     | Killed a cyan ugly thing
 14557 | D:12     | Reached XP level 12. HP: 78/78 MP: 17/20
 14561 | D:12     | Killed a seven-headed hydra
 15010 | D:12     | Reached skill level 10 in Conjurations
 15895 | Lair:1   | Entered Level 1 of the Lair of Beasts
 16336 | Lair:1   | Found the +13 scythe of Curses {drain, Drain}
 16407 | Lair:1   | Noticed Erica
 16414 | Lair:1   | Killed Erica
 16736 | Lair:1   | Reached ***** piety under Vehumet
 17020 | Lair:2   | Offered knowledge of Fireball by Vehumet.
 17202 | D:2      | Learned a level 5 spell: Fireball
 17373 | Lair:2   | Noticed a boulder beetle
 17377 | Lair:2   | Killed a boulder beetle
 17446 | Lair:2   | Noticed a death yak
 17450 | Lair:2   | Noticed a death yak
 17454 | Lair:2   | Noticed a death yak
 17456 | Lair:2   | Killed a death yak
 17461 | Lair:2   | Killed a death yak
 17466 | Lair:2   | Killed a death yak
 17467 | Lair:2   | Reached XP level 13. HP: 86/86 MP: 17/23
 17590 | Lair:2   | Found an iron altar of Okawaru.
 17625 | Lair:2   | Found a staircase to the Swamp.
 18591 | Lair:3   | Reached skill level 5 in Fire Magic
 18596 | Lair:3   | Noticed a four-headed hydra
 18602 | Lair:3   | Killed a four-headed hydra
 18864 | Lair:3   | Reached skill level 10 in Hexes
 18897 | Lair:3   | Noticed a five-headed hydra
 18904 | Lair:3   | Killed a five-headed hydra
 19439 | Lair:3   | Found a staircase to the Snake Pit.
 19451 | Lair:3   | Offered knowledge of Eringya's Noxious Bog by Vehumet.
 19452 | Lair:3   | Reached skill level 5 in Armour
 19494 | Lair:3   | Reached skill level 5 in Throwing
 19641 | Lair:3   | Reached XP level 14. HP: 93/93 MP: 23/25
 19641 | Lair:3   | Noticed Kirke
 19648 | Lair:3   | Killed Kirke
 20514 | Lair:4   | Noticed Urug
 20518 | Lair:4   | Killed Urug
 20519 | Lair:4   | Reached skill level 11 in Conjurations
 20519 | Lair:4   | Reached skill level 10 in Poison Magic
 21378 | Lair:5   | Entered Level 5 of the Lair of Beasts
 21521 | Lair:5   | Found a gate leading to a gauntlet.
 21675 | Lair:5   | Offered knowledge of Ozocubu's Refrigeration by Vehumet.
 21720 | Gauntlet | Entered a Gauntlet
 21720 | Gauntlet | Found a transporter.
 21729 | Gauntlet | Found a transporter.
 21744 | Gauntlet | Found a transporter.
 21749 | Gauntlet | Found a transporter.
 21774 | Gauntlet | Found a transporter.
 21783 | Gauntlet | Found a transporter.
 21791 | Gauntlet | Found a large runed translucent door.
 21792 | Gauntlet | Found a large runed translucent door.
 21793 | Gauntlet | Found a large runed translucent door.
 21793 | Gauntlet | Found a large runed translucent door.
 21794 | Gauntlet | Found a runed translucent gate.
 21795 | Gauntlet | Found a transporter.
 21795 | Gauntlet | Found a runed translucent gate.
 21796 | Gauntlet | Found a runed translucent gate.
 21797 | Gauntlet | Found a large runed translucent door.
 21797 | Gauntlet | Found a large runed translucent door.
 21798 | Gauntlet | Found a large runed translucent door.
 21799 | Gauntlet | Found a large runed translucent door.
 21807 | Gauntlet | Found a transporter.
 21809 | Gauntlet | Found a large runed translucent door.
 21809 | Gauntlet | Found a large runed translucent door.
 21809 | Gauntlet | Found a runed translucent door.
 21809 | Gauntlet | Found a runed translucent door.
 21810 | Gauntlet | Found a large runed translucent door.
 21811 | Gauntlet | Found a large runed translucent door.
 21813 | Gauntlet | Found a transporter.
 21813 | Gauntlet | Found a transporter.
 21824 | Gauntlet | Noticed an entropy weaver
 21828 | Gauntlet | Found a transporter.
 21840 | Gauntlet | Found a transporter.
 21857 | Gauntlet | Found a transporter.
 21875 | Gauntlet | Found a transporter.
 21877 | Gauntlet | Found a transporter.
 21902 | Gauntlet | Found a transporter.
 21904 | Gauntlet | Found a transporter.
 21924 | Gauntlet | Found a transporter.
 21998 | Gauntlet | Found a large runed translucent door.
 21998 | Gauntlet | Found a large runed translucent door.
 21999 | Gauntlet | Found a large runed translucent door.
 22000 | Gauntlet | Found a large runed translucent door.
 22393 | Gauntlet | HP: 1/93 [entropy weaver (12)]
 22394 | Gauntlet | Killed an entropy weaver
 22487 | Gauntlet | Identified the ring of Uvuippig {rElec EV+4 Str+2 Int+5}
 22508 | Gauntlet | Noticed a minotaur
 22513 | Gauntlet | Killed a minotaur
 22526 | Gauntlet | Identified the +0 hat of Pandemonium {+Blink rCorr Dex-3}
 23149 | Lair:5   | Noticed a dire elephant
 23162 | Lair:5   | Killed a dire elephant
 23246 | Lair:5   | Reached XP level 15. HP: 98/98 MP: 27/27
 23318 | Lair:5   | Found the +9 scales of the Dragon King {rPois rF+ rC+
                  | Will+}
 23499 | Lair:5   | Found a staircase to the Slime Pits.
 23500 | Lair:5   | Found a viscous altar of Jiyva.
 23788 | Orc:1    | Entered Level 1 of the Orcish Mines
 23793 | Orc:1    | Noticed an orc warlord
 23802 | Orc:1    | Killed an orc warlord
 23946 | Orc:1    | Offered knowledge of Yara's Violent Unravelling by Vehumet.
 24314 | Orc:2    | Entered Level 2 of the Orcish Mines
 24334 | Orc:2    | Found a dark tunnel.
 24367 | Volcano  | Entered a volcano
 24553 | Volcano  | Learned a level 7 spell: Orb of Destruction
 24568 | Volcano  | Found a bloodstained altar of Trog.
 24600 | Volcano  | Reached skill level 5 in Air Magic
 24919 | Orc:2    | Found a frozen archway.
 24930 | IceCv    | Entered an ice cave
 24937 | IceCv    | Offered knowledge of Irradiate by Vehumet.
 25073 | IceCv    | Found a transporter.
 25088 | IceCv    | Found a transporter.
 25249 | Orc:2    | Found a staircase to the Elven Halls.
 25737 | Orc:2    | Reached ****** piety under Vehumet
 25738 | Orc:2    | Reached skill level 10 in Spellcasting
 26271 | Orc:2    | Found Taaript's Weapon Shoppe.
 26271 | Orc:2    | Found Muroceok's Magic Scroll Shop.
 26273 | Orc:2    | Found Siho's Jewellery Shop.
 26273 | Orc:2    | Found Ganloase's Weapon Shoppe.
 26286 | Orc:2    | Bought a ring of willpower for 375 gold pieces
 26289 | Orc:2    | Bought a scroll of fear for 52 gold pieces
 26289 | Orc:2    | Bought a scroll of immolation for 52 gold pieces
 26289 | Orc:2    | Bought a scroll of immolation for 52 gold pieces
 26502 | D:12     | Learned a level 5 spell: Irradiate
 27184 | D:13     | Reached XP level 16. HP: 104/104 MP: 31/31
 27346 | D:13     | Reached skill level 12 in Conjurations
 27641 | D:13     | Found a gate to the Vaults.
 28469 | D:14     | Found the +1 robe of Vines {NoPotionHeal Regen++++}
 28526 | D:14     | Offered knowledge of Iron Shot by Vehumet.
 28812 | D:14     | Found Suhouc's Book Boutique.
 28954 | D:15     | Entered Level 15 of the Dungeon
 29239 | D:15     | Reached skill level 10 in Fire Magic
 29461 | D:15     | Found a bloodstained altar of Trog.
 29520 | D:15     | Found a staircase to the Depths.
 30407 | Orc:2    | Bought a ring of poison resistance for 300 gold pieces
 30578 | Swamp:1  | Entered Level 1 of the Swamp
 31184 | Swamp:1  | Found a runed translucent door.
 31185 | Swamp:1  | Noticed Subbak's ghost (journeyman DsMo)
 31193 | Swamp:1  | Killed Subbak's ghost
 31526 | Swamp:2  | Noticed Louise
 31527 | Swamp:2  | Noticed Jorgrun
 31539 | Swamp:2  | Killed Jorgrun
 31539 | Swamp:2  | Offered knowledge of Conjure Ball Lightning by Vehumet.
 31540 | Swamp:2  | Reached XP level 17. HP: 109/109 MP: 30/32
 31541 | Swamp:2  | Killed Louise
 31552 | Swamp:2  | Reached skill level 13 in Conjurations
 32676 | Swamp:3  | Learned a level 1 spell: Apportation
 32683 | Swamp:3  | HP: 5/109 [acid (10)]
 32685 | Swamp:3  | Killed from afar by a will-o-the-wisp

Illustrated notes

Levels and vault maps discovered:
D:1:      dpeg_arrival_tiny_e, layout_basic, serial_curves, eino_curves_03,
          eino_curves_02, shapermc_ecumenical_altar_gd, moated_statue
D:2:      layout_loops_ring, serial_bayou, serial_bayou_pond_b,
          serial_bayou_ford_a, serial_bayou_lake_a, serial_bayou_lagoon_a,
          minmay_between
D:3:      layout_loops_ring
D:4:      layout_loops_ring, temple_statues
D:5:      layout_loops_ring, chequers_temple_overflow_statue_of_worship
D:6:      layout_cave_pools, nicolae_shop_overcharged_wands
D:7:      layout_cave_pools, nicolae_hepliaklqana_hazy_memory
D:8:      layout_basic, grunt_ministairs_1, minivault_24
D:9:      minmay_opposing_rooms, layout_loops_cross, mainiacjoe_overflow_paths,
          erik_lair_island, corner_web_ring, kennysheep_generic_room_13
D:10:     layout_loops_corners, mainiacjoe_overflow_surrounded_room, david_orc_4
D:11:     layout_layer_cave, dreamdust_gnoll_shepherd
D:12:     layout_cave_pools, serial_rivers, chequers_serial_rivers_micro_a,
          chequers_serial_rivers_micro_a, chequers_serial_rivers_marsh,
          chequers_serial_rivers_large_b, chequers_serial_rivers_room_b,
          kennysheep_path_1
D:13:     layout_roguey, david_vaults_2
D:14:     layout_roguey, serial_shops, shop, ebering_dispersal_statue_hall,
          hellmonk_guarded_unrand_vines
D:15:     grunt_enter_depths_snipers, layout_basic, bloody_trog,
          einodemon_crawler_minivault
Temple:   hellmonk_temple_divided_pantheon
Lair:1:   layout_roguey, uniq_erica
Lair:2:   layout_big_grid, skrybe_swamp_entry_bodies, basic_altar
Lair:3:   layout_regular_city, guppyfry_snake_entry_garden, patterned_corridor,
          grunt_megastairs_1, uniq_kirke
Lair:4:   layout_hall_layers, infiniplex_staircase_pool, grunt_megastairs_4,
          serial_bayou_shore_a, uniq_urug
Lair:5:   grunt_lair_end_beastmaster, layout_misc_corridors, slime_entry_1,
          gauntlet_entry_generic, serial_bayou_shore_b,
          infiniplex_staircase_pool_2, grunt_megastairs_3
Swamp:1:  layout_basic_swamp, ebering_ghost_reflecting_pool,
          evilmike_swamp_ruin_house_2
Swamp:2:  layout_basic_swamp, serial_swamp_ruin, evilmike_swamp_ruin_house_1,
          evilmike_swamp_ruin_house_4, hangedman_swamp_wriggling, uniq_jorgrun,
          uniq_louise
Swamp:3:  layout_falls_marsh, nicolae_swamp_well_well_well, swamp_pool2
Orc:1:    layout_caves, basic_altar
Orc:2:    grunt_orc_tribal_feast, layout_caves, portal_ice_cave_entry_pillars_1,
          nicolae_volcano_entry_lava_flow

Skill      XL: |  1  2  3  4  5  6  7  8  9 10 11 12 13 14 15 16 17 |
---------------+----------------------------------------------------+-----
Conjurations   | 4 5 6 7 8 9 10 11 12 13 | 13.3
Translocations | 2 3 5 6 7 |  7.0
Spellcasting   | 3 4 5 6 7 8 11 | 11.9
Hexes          | 5 7 8 9 10 11 12 | 12.0
Evocations     | 3 5 7 |  7.0
Transmutations | 2 5 7 8 9 |  9.2
Fire Magic     | 2 4 5 7 9 10 11 | 11.4
Air Magic      | 2 3 4 5 |  5.0
Poison Magic   | 3 6 8 9 11 12 | 12.0
Dodging        | 2 |  2.0
Shields        | 2 4 |  4.0
Fighting       | 1 3 |  3.0
Armour         | 1 3 5 |  5.0
Throwing       | 1 3 5 6 |  6.0
Stealth        | |  2.4

Action                   |  1- 3 |  4- 6 |  7- 9 | 10-12 | 13-15 | 16-18 || total
-------------------------+-------+-------+-------+-------+-------+-------++-------
Melee: Unarmed           |     3 |       |       |       |       |       ||     3
       Dagger            |    14 |     6 |       |       |       |       ||    20
       Short sword       |       |       |     3 |     9 |     8 |       ||    20
       Punch             |       |       |       |     1 |       |       ||     1
       Rapier            |       |       |       |       |     4 |       ||     4
 Cast: Magic Dart        |    39 |    83 |    88 |    38 |    19 |     1 ||   268
       Searing Ray       |     1 |    14 |    32 |    32 |       |       ||    79
       Fulminant Prism   |       |       |     3 |    24 |    12 |       ||    39
       Iskenderun's Myst |       |       |     3 |    75 |    33 |     7 ||   118
       Poisonous Vapours |       |       |       |    42 |   124 |    44 ||   210
       Ignite Poison     |       |       |       |    46 |   127 |    50 ||   223
       Olgreb's Toxic Ra |       |       |       |    29 |    81 |    16 ||   126
       Fireball          |       |       |       |       |    85 |   120 ||   205
       Irradiate         |       |       |       |       |       |    18 ||    18
Evoke: Wand              |       |     1 |     2 |     7 |    15 |     6 ||    31
       Condenser vane    |       |       |       |       |     2 |       ||     2
       Lightning rod     |       |       |       |       |     4 |       ||     4
       Phial of floods   |       |       |       |       |     1 |     1 ||     2
  Use: Scroll            |     2 |     6 |     5 |    16 |     8 |     4 ||    41
       Potion            |       |       |       |       |     8 |     2 ||    10
 Stab: Sleeping          |     1 |     2 |       |       |       |       ||     3
Armor: Robe              |     3 |     7 |     5 |     4 |       |     2 ||    21
       Steam dragon scal |       |       |       |    12 |       |       ||    12
       Troll leather arm |       |       |       |       |    19 |     7 ||    26
Dodge: Dodged            |     7 |    15 |    26 |    73 |    35 |    22 ||   178
Block: Other             |     1 |    11 |       |       |       |       ||    12
       Reflection        |       |     2 |       |       |       |       ||     2
       Buckler           |       |       |       |     8 |    14 |     8 ||    30
